AoeStats
← Mih Imperatore

Arabia

510068957Analyzed
1v1 RM · 3d ago on Sep 29, 2026· 95m 8s· 2 players
Game mode
Random Map
Map size
Tiny (2 player)
Population
200
Speed
Normal
Resources
Standard
Victory
Conquest
Starting age
Dark Age
Ending age
Imperial Age
RankedLock teamsTeams togetherTeam positionsShared explorationLock speedFull tech treeHidden civsTurbo modeCheats
Victory
Defeat
🇮🇳 Magyars · India
1095
+18
🇷🇴 Chinese · Romania
1136
-18
Mih Imperatore
0:34 Loom
11:48 Feudal Age
12:40 Double-Bit Axe
12:41 Horse Collar
12:56 Stone Mining
13:27 Gold Mining
21:36 Castle Age
20:15 Fletching
21:22 Padded Archer Armor
21:51 Elite Skirmisher
25:50 Pikeman
30:05 Bow Saw
30:45 Bodkin Arrow
31:28 Leather Archer Armor
31:24 Forging
31:52 Scale Mail Armor
32:03 Forging
33:01 Heavy Plow
33:58 Wheelbarrow
36:00 Hand Cart
35:31 Town Watch
36:30 Stone Shaft Mining
36:36 Gold Shaft Mining
38:27 Ballistics
38:25 Town Patrol
39:24 Iron Casting
39:04 Chain Mail Armor
42:27 Imperial Age
41:33 Great Wall
41:32 Murder Holes
41:48 Masonry
42:04 Squires
41:49 Arson
42:53 Elite Chu Ko Nu
43:53 Conscription
44:38 Chemistry
44:09 Architecture
44:41 Two-Man Saw
43:42 Bracer
44:13 Ring Archer Armor
44:46 Halberdier
47:00 Blast Furnace
46:30 Plate Mail Armor
45:42 Halberdier
MD MEOWDULLA BILLUJI
6:24 Loom
9:07 Feudal Age
19:22 Castle Age
17:47 Gold Mining
17:54 Double-Bit Axe
18:28 Horse Collar
19:47 Fletching
19:57 Padded Archer Armor
20:09 Bloodlines
22:35 Bodkin Arrow
25:07 Husbandry
27:27 Stone Mining
31:28 Scale Barding Armor
35:13 Murder Holes
39:13 Imperial Age
37:47 Wheelbarrow
36:58 Town Watch
37:25 Bow Saw
37:42 Heavy Plow
38:36 Chain Barding Armor
39:00 Corvinian Army
39:14 Elite Magyar Huszar
42:10 Plate Barding Armor
42:32 Hand Cart
43:39 Conscription
45:58 Hoardings
47:50 Heavy Cavalry Archer
49:40 Bracer
49:55 Leather Archer Armor
50:33 Thumb Ring
50:56 Parthian Tactics
51:54 Two-Man Saw
51:26 Crop Rotation
50:58 Town Patrol
51:56 Ring Archer Armor
62:20 Ballistics
63:56 Chemistry
63:07 Masonry
64:12 Light Cavalry
66:00 Hussar
71:48 Man-at-Arms
72:37 Long Swordsman
73:08 Two-Handed Swordsman
74:54 Champion
76:44 Scale Mail Armor
76:50 Arson
80:54 Elite Skirmisher
82:40 Chain Mail Armor
Connection lost

Rejoining the realm…

Still unreachable

The connection could not be restored.

Session expired

The server has moved on; the page needs a fresh start.